[Event "71st RUS-ch Higher League 2018"]
[Site "Yaroslavl"]
[Date "2018.07.05"]
[Round "9"]
[White "Yanchenko, Roman"]
[Black "Sek, Konstantin"]
[Result "1/2-1/2"]
[ECO "A35"]
[WhiteElo "2462"]
[BlackElo "2476"]
[Annotator "ChessBase"]
[PlyCount "234"]
[EventDate "2018.06.26"]
[EventType "swiss"]
[EventCountry "RUS"]
[SourceTitle "playchess.com"]
[Source "ChessBase"]
[SourceQuality "1"]
[TimeControl "40/5400+30:1800+30"]

1. Nf3 c5 2. c4 Nf6 3. Nc3 Nc6 4. g3 d5 5. cxd5 Nxd5 6. Bg2 Nc7 7. d3 e5 8. Be3 Be7 9. Rc1 O-O 10. Na4 b6 11. b4 e4 12. dxe4 Nxb4 13. Qxd8 Rxd8 14. a3 Nba6 15. Nd2 c4 16. e5 Rb8 17. Nxc4 Be6 18. Nd6 f6 19. f4 fxe5 20. fxe5 Ne8 21. Nb5 Bb3 22. Nac3 Nac7 23. O-O a5 24. Nd4 Bc5 25. Nf5 Bxa3 26. Rb1 a4 27. Nxa4 Bxa4 28. Ra1 Bf8 29. Rxa4 b5 30. Rg4 g6 31. Nh6+ Bxh6 32. Bxh6 Ne6 33. Rb4 N8c7 34. Bh3 Rd5 35. e4 Rxe5 36. Bg4 Re8 37. Bd1 Na6 38. Rb2 Nac5 39. Rxb5 Rxe4 40. Ra5 Rd8 41. Bc2 Rc4 42. Bb1 Kh8 43. Ba2 Rc2 44. Ra7 Re2 45. Rc1 Re8 46. Rd1 g5 47. Rf1 Kg8 48. Bb1 Ne4 49. Bd3 Re3 50. Bb5 Rb8 51. Bc6 Nc3 52. Re7 Re2 53. Be8 Nf4 54. Bf7+ Kh8 55. Rxe2 Nfxe2+ 56. Kg2 Ne4 57. Bc4 Nd4 58. Rf7 Nd6 59. Bg7+ Kg8 60. Rd7+ Nxc4 61. Bxd4 Rb5 62. Rg7+ Kf8 63. Rc7 Nd2 64. Rxh7 Rd5 65. Be3 Ne4 66. Ra7 Rd3 67. Kf3 Nf6 68. Ke2 Rd5 69. h3 Re5 70. Kf3 Rf5+ 71. Kg2 Nd5 72. Bc5+ Kg8 73. Bd4 Kf8 74. Rb7 Ke8 75. Kh2 Ne7 76. g4 Rd5 77. Bf6 Ng6 78. Rb2 Kf7 79. Rf2 Ke6 80. Bb2 Nh4 81. Re2+ Kf7 82. Ba3 Rd3 83. Bc5 Nf3+ 84. Kh1 Rd2 85. Rxd2 Nxd2 86. Be3 Ne4 87. Kg2 Kg6 88. Kf3 Nd6 89. Bd4 Kf7 90. Be5 Nc4 91. Bc7 Ke6 92. Ke4 Nd2+ 93. Ke3 Nc4+ 94. Ke2 Nd6 95. Kd3 Nf7 96. Kd4 Kd7 97. Bg3 Ke6 98. Bh2 Nh8 99. Be5 Ng6 100. Bg3 Nh8 101. Kc5 Ng6 102. Bc7 Ne5 103. Kd4 Nf7 104. Ba5 Nd6 105. Bd2 Nf7 106. Bc1 Ne5 107. Ke4 Nf7 108. Ba3 Ne5 109. Bb4 Nf7 110. Bc5 Ne5 111. Ba7 Nf7 112. Bb8 Nh8 113. Kd4 Ng6 114. Bg3 Ne7 115. Kc5 Ng6 116. Kc6 Nf4 117. h4 Ne2 1/2-1/2

[Event "71st RUS-ch Higher League 2018"]
[Site "Yaroslavl"]
[Date "2018.07.05"]
[Round "9"]
[White "Vastrukhin, Oleg"]
[Black "Moskalenko, Alexander"]
[Result "1/2-1/2"]
[ECO "A00"]
[WhiteElo "2420"]
[BlackElo "2558"]
[Annotator "ChessBase"]
[PlyCount "72"]
[EventDate "2018.06.26"]
[EventType "swiss"]
[EventCountry "RUS"]
[SourceTitle "playchess.com"]
[Source "ChessBase"]
[SourceQuality "1"]
[TimeControl "40/5400+30:1800+30"]

1. g3 g6 2. Bg2 Bg7 3. d4 d5 4. Nf3 Nf6 5. O-O O-O 6. Nbd2 c5 7. dxc5 Qc7 8. Nb3 e5 9. Ne1 Na6 10. Nd3 Be6 11. c3 Rfe8 12. f3 Bf8 13. Be3 Bf5 14. Qd2 Bxd3 15. exd3 Nxc5 16. Nxc5 Bxc5 17. d4 exd4 18. Bxd4 Re6 19. Bh3 Re7 20. Rfe1 Rae8 21. Rxe7 Qxe7 22. Bf1 b6 23. Bb5 Rd8 24. Kf2 Rd6 25. Re1 Re6 26. Re3 Kg7 27. Bf1 h5 28. Bh3 Rxe3 29. Qxe3 Qc7 30. Ke1 Bxd4 31. Qxd4 Qd6 32. Kf2 Kf8 33. Ke3 Ke7 34. Kd2 Kf8 35. Ke3 Ke7 36. Kd2 Kf8 1/2-1/2

[Event "71st RUS-ch Higher League 2018"]
[Site "Yaroslavl"]
[Date "2018.07.05"]
[Round "9"]
[White "Gogolev, Artem"]
[Black "Bimiev, Ahmad"]
[Result "1-0"]
[ECO "E09"]
[WhiteElo "2407"]
[BlackElo "2125"]
[Annotator "NA"]
[PlyCount "117"]
[EventDate "2018.06.26"]
[EventType "swiss"]
[EventCountry "RUS"]
[SourceTitle "playchess.com"]
[Source "ChessBase"]
[SourceQuality "1"]
[TimeControl "40/5400+30:1800+30"]

1. d4 Nf6 2. c4 e6 3. g3 d5 4. Bg2 Be7 5. Nf3 Nbd7 6. O-O c6 7. Qc2 O-O 8. Nbd2 b6 9. e4 dxe4 10. Nxe4 Nxe4 11. Qxe4 Bb7 12. Rd1 Nf6 13. Qc2 Qc8 14. c5 Rd8 15. Bd2 Nd5 16. Ne5 Qc7 17. Re1 Nf6 18. cxb6 Qxb6 19. Nxc6 Bxc6 20. Qxc6 Qxc6 21. Bxc6 Rac8 22. Bf3 Rxd4 23. Be3 Rd7 24. Rec1 Rdc7 25. Kf1 Kf8 26. Ke2 Nd5 27. Bxd5 exd5 28. Kd3 Bf6 29. Rxc7 Rxc7 30. Rc1 Rxc1 31. Bxc1 Ke7 32. b3 a6 33. Be3 g6 34. Bd4 Bg5 35. f4 Bh6 36. Kc3 Kd6 37. Kb4 Kc6 38. Ka5 Kb7 39. b4 g5 40. b5 axb5 41. fxg5 Bxg5 42. Kxb5 Be7 43. a4 f5 44. a5 Bg5 45. a6+ Ka8 46. Kc6 f4 47. gxf4 Bxf4 48. h3 h5 49. Kxd5 h4 50. Ke4 Bg3 51. Kf3 Bd6 52. Bf2 Be7 53. Kg4 Bf6 54. Bxh4 Bd4 55. Bg5 Ka7 56. h4 Kxa6 57. Kf5 Kb7 58. h5 Kc6 59. h6 1-0

[Event "71st RUS-ch Higher League 2018"]
[Site "Yaroslavl"]
[Date "2018.07.05"]
[Round "9"]
[White "Rodin, Dmitrij"]
[Black "Okrugin, Sergey"]
[Result "0-1"]
[ECO "B90"]
[WhiteElo "2402"]
[BlackElo "2334"]
[Annotator "NA"]
[PlyCount "86"]
[EventDate "2018.06.26"]
[EventType "swiss"]
[EventCountry "RUS"]
[SourceTitle "playchess.com"]
[Source "ChessBase"]
[SourceQuality "1"]
[TimeControl "40/5400+30:1800+30"]

1. e4 c5 2. Nf3 d6 3. d4 cxd4 4. Nxd4 Nf6 5. Nc3 a6 6. Be3 e5 7. Nf3 Qc7 8. Be2 Be7 9. a4 O-O 10. O-O Be6 11. a5 Nbd7 12. Ng5 Rac8 13. Ra4 Rfe8 14. Nxe6 fxe6 15. Bc4 Bf8 16. Ba2 Kh8 17. Qf3 Nb8 18. Rd1 Nc6 19. Bb6 Qe7 20. Be3 Qc7 21. Qh3 Qe7 22. Rc4 Rc7 23. Bb6 Rcc8 24. Be3 Rc7 25. Bb6 Rcc8 26. Na4 d5 27. exd5 exd5 28. Rc5 d4 29. c3 Qd7 30. Qxd7 Nxd7 31. Rd5 Nf6 32. g3 Nxd5 33. Bxd5 dxc3 34. bxc3 Bd6 35. Be4 Bc7 36. Rd7 Bxb6 37. axb6 Na5 38. Bxb7 Nxb7 39. Rxb7 Rc4 40. Ra7 Rxa4 41. b7 Ra1+ 42. Kg2 Rb1 43. c4 Rb8 0-1